 Dungeon Crawl Stone Soup version 0.28.0 (webtiles) character file.

Game seed: 9364505764014305664

999 tizbic2 the Sneak (level 8, -1/103 HPs)
             Began as a Naga Berserker on Feb 6, 2022.
             Was a Believer of Trog.
             Slain by a gargoyle (9 damage)
             ... on level 6 of the Dungeon.
             The game lasted 00:32:49 (6372 turns).

tizbic2 the Sneak (Naga Berserker)                  Turns: 6372, Time: 00:32:50

Health: -1/103     AC:  6    Str: 23    XL:     8   Next: 19%
Magic:  8/8        EV:  8    Int:  8    God:    Trog [**....]
Gold:   98         SH:  8    Dex: 14    Spells: 7/7 levels left

rFire   + . .      SeeInvis +   w - +1 spear (venom)
rCold   x . .      Faith    .   z - +0 kite shield
rNeg    . . .      Spirit   .   t - +0 robe of Infinity {rCorr Str+3 Dex-4 Archmagi}
rPois   +          Reflect  .   (no helmet)
rElec   .          Harm     .   e - +2 cloak
rCorr   +          Rampage  .   (no gloves)
Will    +....      Archmagi +   (no barding)
Stlth   ..........              (no amulet)
HPRegen 0.27/turn               b - ring of fire
MPRegen 0.11/turn               A - +6 ring of dexterity

@: berserking, quick
A: AC +2, large, see invisible, deformed body, poison resistance, slowness 2,
spit poison 1, naga tail 1
a: Spit Poison, Renounce Religion, Berserk, Trog's Hand


You were on level 6 of the Dungeon.
You worshipped Trog.
Trog was pleased with you.
You visited 1 branch of the dungeon, and saw 6 of its levels.

You collected 203 gold pieces.
You spent 105 gold pieces at shops.

Inventory:

Hand Weapons
 a - a +0 hand crossbow
 q - a +1 dagger of protection
 w - a +1 spear of venom (weapon)
Missiles
 f - 104 stones
 h - 5 boomerangs
 o - 3 curare-tipped darts
 x - 41 bolts
Armour
 e - a +2 cloak (worn)
 i - a +0 ring mail
 t - the +0 robe of Infinity (worn) {rCorr Str+3 Dex-4 Archmagi}
   (You found it on level 4 of the Dungeon)

   Str:       It affects your strength (+3).
   Dex:       It affects your dexterity (-4).
   rCorr:     It protects you from acid and corrosion.
   Archmagi:  It increases the power of your magical spells.
 z - a +0 kite shield (worn)
Jewellery
 b - a ring of fire (left hand)
 A - a +6 ring of dexterity (right hand)
Wands
 n - a wand of iceblast (6)
 v - a wand of polymorph (7)
Scrolls
 d - a scroll of fear
 g - a scroll of torment {unknown}
 m - a scroll of blinking
 r - a scroll of immolation {unknown}
 u - a scroll of magic mapping {unknown}
 B - a scroll of identify
 C - a scroll of holy word {unknown}
Potions
 c - 5 potions of curing {unknown}
 j - 2 potions of degeneration {unknown}
 k - 2 potions of attraction {unknown}
 l - 2 potions of ambrosia {unknown}
 p - 2 potions of experience {unknown}
 s - 2 potions of heal wounds {unknown}
 y - a potion of brilliance {unknown}


   Skills:
 - Level 3.0 Fighting
 - Level 7.5(7.6) Maces & Flails
 * Level 2.2(5.2) Staves
 - Level 1.5 Armour
 - Level 1.5 Dodging
 + Level 7.7 Stealth
 * Level 1.7 Shields


You had 7 spell levels left.
You didn't know any spells.
Your spell library was empty.

Dungeon Overview and Level Annotations

Branches:
Dungeon (6/15)
 Temple: D:4-7

Altars:
Fedhas
Nemelex Xobeh

Shops:
D:5 ?


Innate Abilities, Weirdness & Mutations

Your serpentine skin is tough. (AC +2)
You have supernaturally acute eyesight. (SInv)
Armour fits poorly on your strangely shaped body.
Your system is resistant to poisons. (rPois)
You cover ground very slowly.
You can spit poison.
You have a snake-like lower body.


Message History

A gargoyle comes into view. It is wielding a +0 mace.
Press: ? - help, v - describe, . - travel The floor.
The gargoyle hurls a stone arrow at you.
The stone arrow hits you!
Your +1 dagger of protection goes still.
Your +1 spear of venom begins to drip with poison!
w - a +1 spear of venom (weapon)
Reach: w) +1 spear (venom)
Press: ? - help, Dir - move target, f - gargoyle
Aim: a gargoyle, wielding a +0 mace (about 23% to evade your +1 spear of venom)
You reach to attack!
You hit the gargoyle.
The gargoyle is lightly damaged.
The gargoyle hits you with a +0 mace!
You hit the gargoyle but do no damage.
The gargoyle is lightly damaged.
You block the gargoyle's attack.
You barely miss the gargoyle.
The gargoyle is lightly damaged.
The gargoyle hits you with a +0 mace!
A red film seems to cover your vision as you go berserk!
You feel yourself moving faster!
You feel mighty!
The gargoyle hurls a stone arrow at you.
The stone arrow hits you!!
You hit the gargoyle.
The gargoyle is moderately damaged.
The gargoyle hits you with a +0 mace.
* * * LOW HITPOINT WARNING * * *
You hit the gargoyle but do no damage.
The gargoyle is moderately damaged.
The gargoyle hurls a stone arrow at you.
The stone arrow hits you!!
* * * LOW HITPOINT WARNING * * *
Okay, then.
You hit the gargoyle.
The gargoyle is moderately damaged.
You hit the gargoyle but do no damage.
The gargoyle is moderately damaged.
The gargoyle hits you with a +0 mace!
You die...

.# #####.. ##
#.. .. # ..# #.#
# ##.. .. # ...
#.# # #. ..#.. #
#.# #...#### #
#.# #.9....# #
#.# #####@## #
#.# #......# #
#.#######.###..#
# #...##....#
#..# #
#......#### #..#
#.#.#### #..#
###.#..# #...
#...##.## ##..#
#.####..# ..#


You could see a gargoyle.

Vanquished Creatures
  A black bear (D:5)
  A gnoll sergeant (D:5)
  A scorpion (D:5)
  A water moccasin zombie (D:6)
  2 water moccasin skeletons (D:5)
  A howler monkey (D:6)
  2 jellies (D:4)
  Crazy Yiuf (D:2)
  5 hounds
  Jessica (D:2)
  A centaur skeleton (D:6)
  2 iguanas
  A hound skeleton (D:4)
  5 adders
  11 gnolls
  An ufetubus (D:6)
  5 worms
  4 dart slugs
  5 bats
  3 endoplasms
  3 giant cockroaches
  8 goblins
  12 hobgoblins
  4 jackals (D:1)
  9 kobolds
  5 quokkas
  4 ball pythons
  2 frilled lizards
  9 rats
110 creatures vanquished.

Notes
Turn   | Place    | Note
-------+----------+-------------------------------------------
     0 | D:1      | tizbic2 the Naga Berserker began the quest for the Orb.
     0 | D:1      | Reached XP level 1. HP: 21/21 MP: 1/1
    48 | D:1      | Found a faded altar of an unknown god.
   116 | D:1      | Reached skill level 1 in Stealth
   314 | D:1      | Reached XP level 2. HP: 17/28 MP: 2/2
   680 | D:1      | Reached XP level 3. HP: 17/34 MP: 3/3
  1548 | D:2      | Found a runed translucent door.
  1549 | D:2      | Noticed Crazy Yiuf
  1557 | D:2      | Killed Crazy Yiuf
  1558 | D:2      | Reached XP level 4. HP: 17/42 MP: 4/4
  1785 | D:2      | Noticed Jessica
  1995 | D:2      | Killed Jessica
  2209 | D:2      | Reached XP level 5. HP: 45/49 MP: 5/5
  2361 | D:2      | Reached ** piety under Trog
  2376 | D:2      | Reached skill level 5 in Maces & Flails
  3530 | D:4      | Found a sparkling altar of Nemelex Xobeh.
  3542 | D:4      | Found a blossoming altar of Fedhas.
  3651 | D:4      | Reached XP level 6. HP: 35/56 MP: 6/6
  4116 | D:4      | Reached skill level 5 in Stealth
  4378 | D:4      | Identified the +0 robe of Infinity {rCorr Str+3 Dex-4
                  | Archmagi}
  4533 | D:5      | Entered Level 5 of the Dungeon
  4651 | D:5      | Reached XP level 7. HP: 45/62 MP: 7/7
  4732 | D:5      | Found Umur's Magic Scroll Emporium.
  4810 | D:5      | Bought a scroll of enchant armour for 105 gold pieces
  6118 | D:6      | Reached skill level 1 in Staves
  6118 | D:6      | Reached skill level 1 in Shields
  6118 | D:6      | Reached XP level 8. HP: 62/69 MP: 8/8
  6361 | D:6      | Noticed a gargoyle
  6372 | D:6      | Slain by a gargoyle

Illustrated notes

Levels and vault maps discovered:
D:1:      minmay_arrival_loop, layout_basic, basic_ecumenical_altar,
          minmay_misc_feat_five
D:2:      layout_rooms, uniq_jessica, uniq_crazy_yiuf_cottage
D:3:      layout_loops_corners
D:4:      layout_gridville, amethyst_overflow_temple_binary
D:5:      layout_basic, serial_shops, shop_scrolls, serial_bayou_pond_d,
          chequers_decorated_corner
D:6:      minmay_evil_eye, layout_rooms

Skill      XL: |  1  2  3  4  5  6  7  8 |
---------------+-------------------------+-----
Stealth        | 1 2 3 4 6 7 |  7.7
Maces & Flails | 4 5 6 7 |  7.5
Staves         | 1 2 |  2.2
Shields        | 1 |  1.7
Fighting       | |  3.0
Armour         | |  1.5
Dodging        | |  1.5

Action                   |  1- 3 |  4- 6 |  7- 9 || total
-------------------------+-------+-------+-------++-------
Melee: Mace              |    50 |       |       ||    50
       Dagger            |     2 |    22 |    12 ||    36
       Quarterstaff      |       |    86 |    32 ||   118
       Unarmed           |       |     4 |       ||     4
       Spear             |       |       |    36 ||    36
 Fire: Hand crossbow     |       |       |     6 ||     6
Invok: Berserk           |     2 |     1 |     4 ||     7
 Abil: Spit Poison       |    21 |    32 |    11 ||    64
  Use: Scroll            |       |     7 |     1 ||     8
 Stab: Sleeping          |     1 |     9 |     4 ||    14
       Petrifying        |       |     1 |       ||     1
Armor: Animal skin       |     9 |       |       ||     9
       Robe              |       |    30 |    33 ||    63
       Ring mail         |       |    26 |       ||    26
Dodge: Dodged            |    27 |    68 |    30 ||   125
Block: Kite shield       |       |       |    22 ||    22
